Map: Recife Abissal LE

Players

Kaz - Winner!

  • Race: Protoss Protoss
  • League: Gold
  • Spawn Location: 5:00

efelinto

  • Race: Protoss Protoss
  • League: Diamond
  • Spawn Location: 11:00

VOD

Have the link to the VOD?

Description

Time

  • Played on: April 23, 2017, 12:13 p.m.
  • Length: 13:33
Show
View Real Time Build Order
Export as new Build Order

Kaz Protoss - Winner!

Build Orders: Oracle Opening 

Get SALT Encoding   

  12  0:01  Probe (Chrono Boost)  
  13  0:12  Probe (Chrono Boost)  
  14  0:23  Pylon  
  14  0:27  Probe (Chrono Boost)  
  15  0:43  Gateway  
  15  0:44  Assimilator  
  15  0:46  Probe (Chrono Boost)  
  16  0:57  Assimilator, Probe (Chrono Boost)  
  17  1:08  Probe (Chrono Boost)  
  18  1:15  Gateway  
  18  1:19  Probe (Chrono Boost)  
  19  1:32  Cybernetics Core  
  19  1:34  Probe (Chrono Boost)  
  19  1:37  Pylon  
  20  1:45  Probe (Chrono Boost)  
  21  1:55  Probe (Chrono Boost)  
  22  2:09  Warp Gate  
  22  2:11  Mothership Core (Chrono Boost), Adept  
  22  2:12  Adept  
  28  2:26  Pylon  
  28  2:34  Stargate  
  28  2:40  Probe (Chrono Boost)  
  28  2:42  Stalker  
  31  2:48  Stalker  
  33  3:16  Nexus  
  33  3:39  Oracle  
  36  3:42  Stalker  
  38  4:01  Stalker  
  36  4:10  Probe (Chrono Boost)  
  37  4:24  Robotics Facility  
  37  4:30  Probe (Chrono Boost)  
  38  4:32  Gateway  
  38  4:33  Probe (Chrono Boost), Gateway  
  38  4:34  Pylon  
  39  4:50  Probe x2 (Chrono Boost)  
  41  5:01  Probe x2 (Chrono Boost)  
  43  5:17  Probe x2 (Chrono Boost)  
  42  5:25  Robotics Facility  
  42  5:26  Pylon  
  42  5:27  Immortal  
  46  5:30  Pylon  
  46  5:34  Zealot  
  48  5:49  Robotics Bay  
  48  5:55  Twilight Council  
  48  6:00  Zealot, Gateway  
  48  6:02  Sentry  
  48  6:03  Sentry  
  54  6:16  Assimilator, Probe x2 (Chrono Boost)  
  56  6:18  Assimilator  
  56  6:21  Observer  
  57  6:27  Probe x2 (Chrono Boost)  
  57  6:28  Forge  
  57  6:32  Stalker  
  61  6:42  Probe (Chrono Boost)  
  61  6:43  Probe (Chrono Boost)  
  63  6:53  Disruptor, Probe x2 (Chrono Boost)  
  68  7:09  Stalker x3  
  68  7:11  Immortal  
  78  7:31  Photon Cannon  
  78  7:47  Protoss Ground Weapons Level 1  
  78  8:11  Pylon  
  78  8:14  Pylon  
  78  8:17  Pylon  
  78  8:20  Pylon  
  78  8:26  Nexus  
  78  8:27  Observer  
  78  8:29  Void Ray  
  78  8:31  Probe x2 (Chrono Boost)  
  85  8:35  Immortal  
  89  8:43  Disruptor, Probe x2 (Chrono Boost)  
  89  8:44  Charge  
  94  8:55  Probe x2 (Chrono Boost)  
  96  9:00  Pylon  
  96  9:16  Sentry  
  98  9:17  Observer, Stalker  
  98  9:18  Stalker  
  98  9:19  Zealot  
  105  9:31  Phoenix  
  107  9:41  Disruptor  
  107  9:42  Immortal  
  111  9:48  Stalker  
  111  9:52  Probe (Chrono Boost)  
  119  9:53  Probe x2 (Chrono Boost)  
  119  10:02  Probe (Chrono Boost)  
  119  10:05  Probe x2 (Chrono Boost)  
  122  10:13  Pylon  
  122  10:16  Pylon  
  122  10:18  Pylon  
  122  10:25  Disruptor  
  122  10:27  Pylon  
  122  10:32  Immortal  
  129  10:35  Zealot  
  129  10:36  Zealot  
  133  10:56  Warp Prism  
  133  10:58  Assimilator  
  133  11:02  Assimilator  
  135  11:05  Stalker x3  
  141  11:42  Observer  
  141  12:08  Warp Prism  
  143  12:17  Immortal  
  143  12:20  Stalker x5  
  130  12:39  Disruptor  
  112  12:45  Zealot x3  
  95  13:05  Stalker x3  
  87  13:06  Stalker x2  
  86  13:29  Adept x4  
  86  13:30  Adept  
Show
View Real Time Build Order
Export as new Build Order

efelinto Protoss 

Build Orders:  

Get SALT Encoding   

  12  0:00  Probe (Chrono Boost)  
  13  0:11  Probe (Chrono Boost)  
  14  0:18  Pylon  
  14  0:22  Probe (Chrono Boost)  
  15  0:39  Gateway  
  15  0:40  Probe (Chrono Boost)  
  16  0:50  Assimilator  
  16  0:51  Probe (Chrono Boost)  
  17  1:01  Probe (Chrono Boost)  
  17  1:02  Pylon  
  18  1:12  Probe (Chrono Boost)  
  19  1:22  Probe (Chrono Boost)  
  20  1:26  Cybernetics Core  
  20  1:50  Probe (Chrono Boost)  
  20  1:51  Nexus  
  20  1:53  Warp Gate  
  21  1:57  Assimilator  
  21  2:06  Sentry  
  23  2:17  Probe (Chrono Boost)  
  24  2:32  Gateway  
  24  2:34  Gateway  
  24  2:38  Gateway  
  24  3:04  Probe (Chrono Boost)  
  26  3:06  Probe (Chrono Boost)  
  26  3:08  Stalker  
  28  3:15  Probe (Chrono Boost)  
  28  3:18  Probe (Chrono Boost), Pylon  
  30  3:26  Mothership Core (Chrono Boost)  
  21  4:13  Probe (Chrono Boost)  
  21  4:16  Probe (Chrono Boost)  
  23  4:23  Probe (Chrono Boost)  
  23  4:24  Sentry  
  26  4:25  Robotics Facility, Sentry  
  26  4:26  Probe (Chrono Boost)  
  26  4:27  Stalker  
  26  4:28  Stalker  
  33  4:34  Probe (Chrono Boost)  
  34  4:39  Pylon  
  34  4:43  Probe (Chrono Boost), Pylon  
  35  4:51  Probe (Chrono Boost)  
  36  4:57  Probe (Chrono Boost)  
  37  5:01  Probe (Chrono Boost)  
  36  5:23  Forge  
  36  5:26  Probe (Chrono Boost)  
  36  5:28  Probe (Chrono Boost)  
  38  5:36  Probe (Chrono Boost)  
  38  5:38  Probe (Chrono Boost)  
  38  5:42  Assimilator  
  40  5:46  Assimilator  
  40  5:47  Probe (Chrono Boost)  
  41  5:52  Pylon  
  41  5:54  Observer  
  41  5:55  Stalker  
  44  6:01  Stalker  
  46  6:06  Probe (Chrono Boost)  
  46  6:07  Probe (Chrono Boost)  
  48  6:14  Photon Cannon  
  48  6:16  Probe (Chrono Boost)  
  48  6:17  Probe (Chrono Boost)  
  50  6:27  Probe (Chrono Boost)  
  50  6:28  Probe (Chrono Boost), Photon Cannon  
  52  6:35  Zealot  
  52  6:36  Zealot  
  56  6:44  Stalker x2  
  60  6:53  Immortal  
  64  6:55  Probe (Chrono Boost)  
  64  6:57  Probe (Chrono Boost)  
  66  7:13  Zealot x2  
  66  7:14  Zealot x2  
  74  7:29  Probe (Chrono Boost)  
  76  7:30  Probe (Chrono Boost)  
  76  7:38  Pylon  
  76  7:39  Pylon  
  76  7:41  Pylon  
  76  7:51  Immortal  
  80  7:59  Pylon  
  80  8:02  Pylon  
  80  8:07  Probe (Chrono Boost)  
  80  8:08  Probe (Chrono Boost)  
  82  8:25  Immortal  
  82  8:27  Nexus  
  82  8:30  Stalker  
  82  8:31  Stalker  
  90  8:51  Stargate  
  90  8:59  Immortal  
  94  9:11  Pylon  
  94  9:17  Robotics Facility  
  94  9:18  Stalker  
  94  9:19  Stalker x2  
  100  9:36  Observer  
  100  9:40  Probe x2 (Chrono Boost)  
  100  9:41  Probe (Chrono Boost)  
  104  9:46  Gateway  
  104  9:49  Gateway  
  104  9:50  Stargate  
  104  9:51  Probe x2 (Chrono Boost)  
  104  9:52  Immortal  
  107  9:53  Stargate  
  107  9:54  Probe (Chrono Boost)  
  111  10:06  Immortal  
  115  10:12  Stalker  
  115  10:13  Stalker  
  119  10:20  Twilight Council  
  119  10:26  Immortal  
  119  10:31  Probe x2 (Chrono Boost)  
  119  10:32  Probe (Chrono Boost)  
  119  10:34  Pylon  
  126  10:37  Assimilator  
  126  10:38  Void Ray  
  126  10:40  Assimilator  
  129  10:51  Probe x2 (Chrono Boost)  
  129  10:52  Probe (Chrono Boost)  
  129  10:54  Stalker x2  
  136  10:59  Immortal  
  140  11:15  Immortal  
  140  11:19  Blink  
  146  11:25  Probe (Chrono Boost)  
  146  11:26  Probe (Chrono Boost)  
  146  11:27  Probe (Chrono Boost)  
  146  11:28  Zealot  
  149  11:37  Pylon  
  149  11:40  Pylon  
  149  11:41  Pylon  
  149  11:57  Stalker x4  
  157  12:05  Templar Archives  
  157  12:23  Zealot  
  157  12:24  Zealot x5  
  90  12:57  Zealot  
  90  12:58  Zealot x3  
  76  12:59  Zealot x2  
Tags
 
Add a new tag
Caveats
  • Supply blocks, unpowered buildings, or Contaminate may cause inaccurate times.
  • Supply counts are checked every 10 seconds.